 Dungeon Crawl Stone Soup version 0.26-a0-415-g2a9615731a (webtiles) character file.

Game seed: 12054360346478427093

1320 ReteAZ the Cleaver (level 8, -1/73 HPs)
             Began as a Deep Dwarf Fighter on July 25, 2020.
             Killed from afar by an electric eel (5 damage)
             ... with a bolt of electricity
             ... on level 8 of the Dungeon.
             The game lasted 00:05:59 (1593 turns).

ReteAZ the Cleaver (Deep Dwarf Fighter)             Turns: 1593, Time: 00:05:59

Health: -1/73      AC: 15    Str: 21    XL:     8   Next: 33%
Magic:  7/7        EV:  4    Int: 10    God:
Gold:   200        SH:  9    Dex: 12    Spells: 7/7 levels left

rFire    . . .     SeeInvis .   a - +0 war axe
rCold    . . .     Faith    .   c - +0 kite shield
rNeg     . . .     Spirit   .   l - +3 plate armour
rPois    .         Reflect  .   (no helmet)
rElec    .         Harm     .   (no cloak)
rCorr    .                      (no gloves)
MR       +....                  (no boots)
Stlth    ..........             (no amulet)
HPRegen  0.00/turn              (no ring)
MPRegen  0.10/turn              (no ring)

@: mighty, brilliant, non-regenerating
A: damage resistance, heal wounds, sense surroundings 1, no regeneration
a: Heal Wounds


You were on level 8 of the Dungeon.
You visited 1 branch of the dungeon, and saw 6 of its levels.
You also visited: Sewer.

You collected 200 gold pieces.

Inventory:

Hand Weapons
 a - a +0 war axe (weapon)
Missiles
 r - 16 poisoned darts (quivered)
Armour
 b - a +0 scale mail
 c - a +0 kite shield (worn)
 i - a +0 cloak
 l - a +3 plate armour (worn)
Scrolls
 e - 3 scrolls of amnesia {unknown}
 h - 2 scrolls of remove curse {unknown}
 j - a scroll of identify {unknown}
 m - a scroll of enchant weapon {unknown}
 p - a scroll of enchant armour {unknown}
 q - 2 scrolls of teleportation {unknown}
 s - a scroll of immolation {unknown}
 t - a scroll of noise {unknown}
 u - a scroll of blinking {unknown}
Potions
 d - a potion of might
 f - a potion of brilliance
 g - a potion of curing {unknown}
 k - 5 potions of heal wounds
 n - 2 potions of stabbing {unknown}
 o - 2 potions of flight {unknown}


   Skills:
 + Level 4.7 Fighting
 * Level 9.2 Axes
 + Level 5.7 Armour
 - Level 3.2 Shields


You had 7 spell levels left.
You didn't know any spells.
Your spell library was empty.

Dungeon Overview and Level Annotations

Branches:
Dungeon (5/15)              Sewer (visited)
 Temple: D:4-7

Altars:
Xom
Zin


Innate Abilities, Weirdness & Mutations

You are resistant to damage.
You can heal yourself by infusing magical energy.
You passively map a small area around you.
You do not regenerate.


Message History

* * * LOW HITPOINT WARNING * * *
The orc hits you but does no damage. The polar bear bites you.
The polar bear claws you but does no damage.
You block the polar bear's attack.
You are too injured to fight recklessly!
You are too injured to fight recklessly!
You fail to use your ability.
The polar bear bites you but does no damage.
The polar bear claws you but does no damage. x2
The polar bear bites you!
* * * LOW HITPOINT WARNING * * *
You block the polar bear's attack.
The polar bear claws you but does no damage.
The orc hits you but does no damage. You block the polar bear's attack.
The polar bear claws you but does no damage. x2
The orc hits you but does no damage.
An electric eel comes into view.
The electric eel shoots out a bolt of lightning at you!
The bolt of electricity hits you.
You die...

##. * ##..#### .,
###......#####.#,
##.........#.....
,
.................,
..8...o)........ ,
* .......h......8.
, ...##..hh.......
, #..@......... ,
*#............,, ,
#............ ,
/.......##....
≈≈≈≈......#.... ≈
;..≈≈≈≈.≈≈.......
, ,
........≈≈≈≈≈.. ,
..∩..∩....≈≈≈.. ≈
,


You could see 3 polar bears, an electric eel and an orc.

Vanquished Creatures
  Eustachio (D:4)
  Edmund (D:4)
  An ogre (D:4)
  A centaur (D:4)
  7 big kobolds (Sewer)
  An orc priest (D:5)
  2 hounds
  An orc wizard (D:8)
  A bullfrog skeleton (D:4)
  An iguana (D:4)
  Natasha (twice) (D:4)
  A worker ant (D:5)
  A centaur simulacrum (D:8)
  4 adders
  2 white imps (D:8)
  A worker ant simulacrum (D:8)
  An ufetubus (D:5)
  3 oozes
  An adder zombie (D:3)
  A worm (D:2)
  2 dart slugs
  6 leopard geckos
  10 orcs
  3 ball pythons (Sewer)
  7 bats
  5 giant cockroaches
  5 hobgoblins
  A jackal (D:2)
  13 kobolds
  2 quokkas (D:2)
  4 frilled lizards
  7 rats
99 creatures vanquished.

Notes
Turn   | Place    | Note
-------+----------+-------------------------------------------
     0 | D:1      | ReteAZ the Deep Dwarf Fighter began the quest for the Orb.
     0 | D:1      | Reached XP level 1. HP: 20/20 MP: 1/1
    62 | D:2      | Reached skill level 3 in Axes
    62 | D:2      | Reached XP level 2. HP: 22/27 MP: 2/2
   203 | D:3      | Found a shimmering altar of Xom.
   203 | D:3      | Found a glowing silver altar of Zin.
   203 | D:3      | Noticed an angel
   316 | D:3      | Reached XP level 3. HP: 19/33 MP: 3/3
   327 | D:3      | Reached skill level 4 in Axes
   335 | D:3      | Found a glowing drain.
   354 | Sewer    | Entered a sewer
   373 | Sewer    | Noticed a big kobold
   373 | Sewer    | Noticed a big kobold
   379 | Sewer    | Killed a big kobold
   379 | Sewer    | Reached skill level 5 in Axes
   379 | Sewer    | Reached XP level 4. HP: 22/40 MP: 4/4
   383 | Sewer    | Killed a big kobold
   383 | Sewer    | Reached skill level 6 in Axes
   383 | Sewer    | Reached XP level 5. HP: 25/46 MP: 5/5
   502 | Sewer    | Reached XP level 6. HP: 28/56 MP: 6/6
   574 | Sewer    | Reached skill level 7 in Axes
   596 | Sewer    | Reached XP level 7. HP: 27/62 MP: 7/7
   933 | D:4      | Noticed Eustachio
   965 | D:4      | Reached skill level 8 in Axes
   966 | D:4      | Killed Eustachio
  1091 | D:4      | Reached skill level 5 in Armour
  1269 | D:4      | Noticed Natasha
  1282 | D:4      | Killed Natasha
  1299 | D:4      | Noticed Edmund
  1311 | D:4      | Killed Edmund
  1311 | D:4      | Reached XP level 8. HP: 22/73 MP: 8/8
  1349 | D:4      | Noticed Natasha
  1364 | D:4      | Killed Natasha
  1469 | D:5      | Entered Level 5 of the Dungeon
  1521 | D:5      | Reached skill level 9 in Axes
  1569 | D:5      | You fall into a shaft and drop 3 floors!
  1572 | D:8      | Noticed a polar bear
  1579 | D:8      | Noticed a polar bear
  1583 | D:8      | Noticed a polar bear
  1593 | D:8      | Killed from afar by an electric eel

Illustrated notes

Levels and vault maps discovered:
D:1:      saegor_arrival_simple_b, layout_rooms, minmay_tall_x
D:2:      layout_basic
D:3:      layout_loops_ring, grunt_temple_overflow_order_and_chaos_1,
          gup_sewer_entry_pipe
D:4:      layout_gridville, serial_glass, glass_columns_a, glass_columns_c,
          minmay_strange_pillars, due_unseen_surprise, minmay_strange_pillars,
          uniq_edmund, uniq_natasha, uniq_eustachio
D:5:      layout_basic, elyvilon_altar_5, gammafunk_temple_overflow_statue,
          uniq_prince_ribbit1
D:8:      layout_rooms, slow_altar_1, nicolae_ru_sacrificial_ziggurat,
          dpeg_lair_monsters, serial_ice, serial_ice_i, serial_ice_g,
          serial_ice_b, serial_ice_d, serial_ice_o, serial_ice_a, serial_ice_c,
          serial_ice_e, serial_ice_m, serial_ice_h

Skill      XL: |  1  2  3  4  5  6  7  8 |
---------------+-------------------------+-----
Axes           | 3 5 6 7 8 9 |  9.2
Fighting       | 3 4 |  4.7
Armour         | 4 5 |  5.7
Shields        | |  3.2

Action                   |  1- 3 |  4- 6 |  7- 9 || total
-------------------------+-------+-------+-------++-------
Melee: War axe           |    93 |    78 |   170 ||   341
Throw: Dart              |       |       |     5 ||     5
 Abil: Heal Wounds       |       |     1 |     5 ||     6
  Use: Potion            |       |       |     3 ||     3
Armor: Scale mail        |    31 |       |       ||    31
       Plate armour      |    31 |    66 |   168 ||   265
Dodge: Dodged            |    24 |    10 |    46 ||    80
Block: Kite shield       |    66 |    44 |   107 ||   217

Table legend: (Time is in decaauts)
 A = Elapsed time spent in this place.
 B = Non-inter-level travel time spent in this place.
 C = Inter-level travel time spent in this place.
 D = Time resting spent in this place.
 E = Time spent auto-exploring this place.
 F = Levels seen in this place.
 G = Mean time per level.
                   A        B        C        D        E       F      G
               +--------+--------+--------+--------+--------+-----+--------+
         Total |   1702 |   1677 |     25 |      0 |    510 |   7 |  243.1 |
       Dungeon |   1411 |   1386 |     25 |      0 |    398 |   6 |  235.2 |
         Sewer |    291 |    291 |      0 |      0 |    112 |   1 |  291.0 |
               +--------+--------+--------+--------+--------+-----+--------+

Top non-repeatable levels by time:
     D:4: 599 daAuts
     D:2: 316 daAuts
     D:3: 294 daAuts
   Sewer: 291 daAuts
     D:5: 102 daAuts
     D:1: 73 daAuts
     D:8: 25 daAuts
